 Seeded DCSS version 0.29.1-12-g30fa7ad0bf (webtiles) character file.

Game seed: 16245865983455551772 (custom seed)

11438 hikkokomori the Blocker (level 12, -14/100 HPs)
             Began as a Formicid Fighter on Jan 17, 2023.
             Was the Champion of Zin.
             Demolished by a hell knight
             ... wielding a +1 demon blade of distortion
              (24 damage)
             ... on level 11 of the Dungeon.
             The game lasted 00:16:25 (12312 turns).

hikkokomori the Blocker (Formicid Fighter)         Turns: 12312, Time: 00:16:26

Health: -14/100    AC: 14    Str: 30    XL:     12   Next: 7%
Magic:  14/14      EV:  9    Int: 15    God:    Zin [******]
Gold:   552        SH: 18    Dex: 18    Spells: 11/11 levels left

rFire   + . .      SeeInvis +   e - +2 lajatang (speed)
rCold   . . .      Faith    .   t - +0 kite shield
rNeg    . . .      Spirit   .   I - +4 chain mail "Wokewn" {SInv}
rPois   ∞          Reflect  +   (helmet unavailable)
rElec   +          Harm     .   H - +0 cloak
rCorr   .          Rampage  .   (no gloves)
Will    ++...                   (no boots)
Stlth   ..........              j - amulet "Xecvoyme" {Reflect rElec Str-3 Slay+2 SH+5}
HPRegen 0.26/turn               h - +6 ring of intelligence
MPRegen 0.14/turn               k - ring "Vokug" {rElec rF+ Will+ Str+6 Dex+4}

@: vitalised, on recite cooldown, studying Axes
A: permanent stasis, dig shafts and tunnels, antennae 3, four strong arms
a: Dig, Shaft Self, Renounce Religion, Recite, Vitalisation, Imprison,
Sanctuary, Donate Gold


You were on level 11 of the Dungeon.
You worshipped Zin.
Zin was exalted by your worship.
You visited 2 branches of the dungeon, and saw 12 of its levels.

You collected 1878 gold pieces.
You spent 1170 gold pieces at shops.
You donated 156 gold pieces to Zin.

Inventory:

Hand Weapons
 a - a +0 war axe
 e - a +2 lajatang of speed (weapon)
 x - a +3 scythe of flaming
Missiles
 O - 2 silver javelins
Armour
 b - a +0 scale mail
 c - a +0 buckler
 t - a +0 kite shield (worn)
 H - a +0 cloak (worn)
 I - the +4 chain mail "Wokewn" (worn) {SInv}
   (You bought it in a shop on level 4 of the Dungeon)

   SInv:      It lets you see invisible.
Jewellery
 h - a +6 ring of intelligence (left hand)
 i - a +6 ring of intelligence
 j - the amulet "Xecvoyme" (around neck) {Reflect rElec Str-3 Slay+2 SH+5}
   (You acquired it on level 1 of the Dungeon)

   [amulet of reflection]

   It reflects blocked missile attacks.
   Str:       It affects your strength (-3).
   Slay:      It affects your accuracy & damage with ranged weapons and melee
   (+2).
   rElec:     It insulates you from electricity.
   SH:        It affects your SH (+5).
 k - the ring "Vokug" (right hand) {rElec rF+ Will+ Str+6 Dex+4}
   (You bought it in a shop on level 7 of the Dungeon)

   [ring of strength]

   Str:       It affects your strength (+6).
   Dex:       It affects your dexterity (+4).
   rF:        It protects you from fire.
   rElec:     It insulates you from electricity.
   Will:      It increases your willpower.
 r - an amulet of regeneration
 z - a ring of ice
 J - a +6 ring of intelligence
 K - a ring of ice
 L - an amulet of faith
Wands
 o - a wand of roots (19)
 C - a wand of flame (71) (quivered)
 D - a wand of charming (11)
Scrolls
 g - 9 scrolls of teleportation
 m - a scroll of summoning
 n - a scroll of enchant weapon {unknown}
 p - a scroll of noise {unknown}
 q - 2 scrolls of immolation
 w - a scroll of silence
 y - a scroll of butterflies {unknown}
 A - 4 scrolls of amnesia
 E - a scroll of enchant armour
 G - a scroll of poison {unknown}
 M - a scroll of magic mapping {unknown}
 N - a scroll of identify
Potions
 d - a potion of might
 f - 2 potions of flight
 l - a potion of cancellation {unknown}
 s - 3 potions of berserk rage
 u - 4 potions of brilliance
 v - 2 potions of heal wounds
 B - 4 potions of curing
 F - 3 potions of attraction


   Skills:
 + Level 11.4 Fighting
 - Level 2.7(6.8) Axes
 + Level 9.8(10.0) Polearms
 - Level 3.3 Armour
 + Level 2.4 Dodging
 + Level 12.3 Shields
 - Level 2.9 Invocations
 + Level 6.9 Evocations


You had 11 spell levels left.
You didn't know any spells.
Your spell library contained the following spells:

 Spells                   Type           Power      Damage    Failure   Level
 Sting                    Tmut/Pois      0%         1d3       93%         1
 Ensorcelled Hibernation  Hex/Ice        0%         N/A       98%         2
 Poisonous Vapours        Pois/Air       0%         N/A       98%         2
 Confusing Touch          Hex            0%         N/A       100%        3
 Lesser Beckoning         Tloc           0%         N/A       100%        3
 Spider Form              Tmut/Pois      0%         N/A       100%        3
 Anguish                  Hex/Necr       0%         N/A       100%        4
 Olgreb's Toxic Radiance  Pois           0%         N/A       100%        4
 Manifold Assault         Tloc           0%         N/A       100%        5
 Yara's Violent Unravell  Hex/Tmut       0%         3d3       100%        5
 Enfeeble                 Hex            0%         N/A       100%        7
 Chain Lightning          Conj/Air       0%         N/A       100%        9
 Fire Storm               Conj/Fire      0%         5d1       100%        9
 Shatter                  Erth           0%         3d5*      100%        9
 Blink                    Tloc           Unusable   N/A       N/A         2

Dungeon Overview and Level Annotations

Branches:
Dungeon (11/15)            Temple (1/1) D:5            Lair (0/5) D:8
    Orc: D:9-12

Altars:
Ashenzari
Cheibriados
Dithmenos
Elyvilon
Fedhas
Gozag
Hepliaklqana
Kikubaaqudgha
Makhleb
Nemelex Xobeh
Okawaru
Qazlal
Ru
Sif Muna
Trog
Uskayaw
Vehumet
Wu Jian
Xom
Yredelemnul
Zin
The Shining One

Shops:
D:3 [   D:4 *:[   D:7 =


Innate Abilities, Weirdness & Mutations

You cannot be hasted, slowed, berserked, paralysed or teleported.
You can dig through walls and to a lower floor.
You have a pair of large antennae on your head. (SInv)
Your four strong arms can wield two-handed weapons with a shield.


Message History

Activating: Recite (1% risk of failure)
Press: ? - help, Dir - look around, f - activate You clear your throat and prepare to recite. "What of the unbelievers?
Rebuked for their..."
You hear a shout! x3
You block the killer bee's attack. The fire elemental barely misses you.
The killer bee stings you but does no damage.
You block the fire elemental's attack.
You hit the fire elemental.
The fire elemental is lightly damaged.
You block the killer bee's attack.
The hell knight invokes the aid of its god against you.
The bolt of fire hits the killer bee!
The bolt of fire hits you!! You resist. You block the fire elemental's attack.
The killer bee stings you.
You slice the fire elemental!!
The fire elemental is severely damaged. "...disloyalty they shall be!
Zin will rebuke them again..."
You block the killer bee's attack. You block the fire elemental's attack.
You hit the fire elemental.
The fire elemental is almost destroyed. "...and again, and again!"
You finish reciting Apostates 14:52.
The killer bee stings you but does no damage.
You block the fire elemental's attack.
You hit the hell knight but do no damage.
You block the fire elemental's attack.
You barely miss the hell knight.
The hell knight hits you with a +1 demon blade of distortion.
Space warps around you.
* * * LOW HITPOINT WARNING * * *
The fire elemental barely misses you.
You slice the hell knight!!
The hell knight is moderately wounded.
The hell knight hits you with a +1 demon blade of distortion!
* * * LOW HITPOINT WARNING * * *
The fire elemental hits you. The fire elemental burns you! You resist.
* * * LOW HITPOINT WARNING * * *
The hell knight hits you but does no damage.
Space warps horribly around you!!
You die...

#### ≈§°§....#
....##8○≈≈...#
...##.≈≈≈.§#
#..#8.§§≈.# ≈
#..'..>§§.# ≈#.
#..'..<≈≈.#
#..####y.#8.≈§≈.#
#....pE##.§≈≈..#
##...@##8≈≈≈......
######≈≈≈≈........
§≈≈≈S§≈≈≈≈..#######
#§§≈≈≈≈≈≈...##
#############


You could see a hell knight (fast), a fire elemental, a killer bee and a lava
snake.

Vanquished Creatures
  Fannar (D:10)
  2 two-headed ogres (D:9)
  Amaemon (D:7)
  Maurice (D:8)
  Joseph (D:8)
  An orange demon (D:8)
  Psyche (D:8)
  A kobold demonologist (D:11)
  A troll (D:10)
  A hornet (D:7)
  Sigmund (D:5)
  4 wyverns
  A shadow (D:10)
  14 yaks
  A steam dragon (D:7)
  A water moccasin (D:6)
  2 ice beasts
  3 orc warriors
  3 black bears
  An ogre (D:4)
  A phantom (D:6)
  4 centaurs
  5 kobold brigands
  4 bullfrogs
  2 necrophages
  6 scorpions
  11 wights
  4 killer bees
  4 howler monkeys
  4 orc priests
  A gnoll bouda (D:7)
  4 hounds
  An iron imp (D:4)
  Jessica (D:2)
  3 iguanas
  9 orc wizards
  Natasha (twice) (D:3)
  A hound skeleton (D:4)
  8 gnolls
  5 adders
  A white imp (D:5)
  A dart slug (D:5)
  29 orcs
  6 ball pythons
  3 bats
  8 endoplasms
  A giant cockroach (D:4)
  5 goblins
  8 hobgoblins
  31 kobolds
  4 quokkas
  3 frilled lizards
  7 rats
229 creatures vanquished.

Vanquished Creatures (others)
  26 fungi (D:8)
  23 plants
49 creatures vanquished.

Grand Total: 278 creatures vanquished

Notes
Turn   | Place    | Note
-------+----------+-------------------------------------------
     0 | D:1      | hikkokomori the Formicid Fighter began the quest for the
                  | Orb.
     0 | D:1      | Reached XP level 1. HP: 18/18 MP: 1/1
   105 | D:1      | Reached XP level 2. HP: 14/24 MP: 2/2
   296 | D:1      | Found a faded altar of an unknown god.
   797 | D:1      | Reached XP level 3. HP: 25/30 MP: 3/3
  1266 | D:1      | Identified 3 scrolls of acquirement
  1266 | D:1      | Acquired a manual of Axes
  1268 | D:1      | Acquired a +2 lajatang of speed
  1269 | D:1      | Acquired the amulet "Xecvoyme" {Reflect rElec Str-3 Slay+2
                  | SH+5}
  1430 | D:2      | Noticed Jessica
  1433 | D:2      | Killed Jessica
  1434 | D:2      | Reached skill level 1 in Polearms
  1434 | D:2      | Reached XP level 4. HP: 38/38 MP: 4/4
  2198 | D:3      | Found Ymmy Ciutu's Antique Armour Shoppe.
  2218 | D:3      | Reached XP level 5. HP: 30/43 MP: 5/5
  2485 | D:3      | Reached skill level 5 in Fighting
  2750 | D:3      | Noticed Natasha
  2756 | D:3      | Killed Natasha
  2757 | D:3      | Reached XP level 6. HP: 38/51 MP: 6/6
  2928 | D:3      | Noticed Natasha
  2934 | D:3      | Killed Natasha
  3190 | D:4      | Found Tuuwolaw's General Store.
  3378 | D:4      | Found a snail-covered altar of Cheibriados.
  3446 | D:4      | Found Gamycsypi's Antique Armour Boutique.
  3451 | D:4      | Noticed an ogre
  3461 | D:4      | Killed an ogre
  3462 | D:4      | Reached XP level 7. HP: 43/58 MP: 7/7
  3563 | D:4      | Found a burning altar of Makhleb.
  3633 | D:4      | Found a shadowy altar of Dithmenos.
  3827 | D:4      | Found Koenoidu's Book Boutique.
  3877 | D:4      | Reached skill level 5 in Shields
  4144 | D:5      | Entered Level 5 of the Dungeon
  4157 | D:5      | Noticed Sigmund
  4173 | D:5      | Killed Sigmund
  4174 | D:5      | Reached XP level 8. HP: 38/65 MP: 8/8
  4399 | D:5      | Reached skill level 5 in Polearms
  4399 | D:5      | Reached skill level 6 in Shields
  4689 | D:5      | Found a glowing silver altar of Zin.
  5254 | D:5      | Found a staircase to the Ecumenical Temple.
  5585 | Temple   | Entered the Ecumenical Temple
  5828 | D:5      | Became a worshipper of Zin the Law-Giver
  5828 | D:5      | Reached * piety under Zin
  5873 | D:6      | Reached ** piety under Zin
  6030 | D:6      | Reached skill level 1 in Invocations
  6136 | D:6      | Reached skill level 7 in Shields
  6632 | D:6      | Reached XP level 9. HP: 66/73 MP: 10/10
  6633 | D:6      | Acquired 1230 gold pieces
  6634 | D:6      | Reached *** piety under Zin
  6634 | D:6      | Reached **** piety under Zin
  7393 | D:7      | Found Dackej's Jewellery Shoppe.
  7399 | D:7      | Bought the ring "Vokug" {rElec rF+ Will+ Str+6 Dex+4} for
                  | 923 gold pieces
  7462 | D:7      | Reached skill level 8 in Shields
  7504 | D:7      | Found a hazy altar of Hepliaklqana.
  8083 | D:7      | Reached skill level 9 in Shields
  8528 | D:8      | Reached ***** piety under Zin
  8547 | D:8      | Noticed Maurice
  8560 | D:8      | Killed Maurice
  8561 | D:8      | Reached skill level 1 in Evocations
  8561 | D:8      | Reached XP level 10. HP: 75/83 MP: 12/12
  8660 | D:4      | Bought an agate-encrusted chain mail for 247 gold pieces
  8660 | D:4      | Identified the +4 chain mail "Wokewn" {SInv} (You bought it
                  | in a shop on level 4 of the Dungeon)
  9089 | D:7      | Reached skill level 10 in Shields
  9163 | D:8      | Noticed Amaemon
  9165 | D:8      | Noticed an orange demon
  9190 | D:8      | Noticed Joseph
  9192 | D:8      | Killed an orange demon
  9203 | D:8      | Reached skill level 10 in Fighting
  9225 | D:7      | Killed Amaemon
  9495 | D:8      | Killed Joseph
  9496 | D:8      | Reached XP level 11. HP: 83/92 MP: 13/13
  9615 | D:8      | Found a staircase to the Lair.
  9756 | D:8      | Reached skill level 11 in Shields
  9810 | D:8      | Noticed Psyche
  9819 | D:8      | Killed Psyche
  9820 | D:8      | Reached skill level 5 in Evocations
  9830 | D:8      | Found a stormy altar of Qazlal.
 10164 | D:9      | Noticed a two-headed ogre
 10174 | D:9      | Killed a two-headed ogre
 10302 | D:9      | Noticed a two-headed ogre
 10307 | D:9      | Killed a two-headed ogre
 10580 | D:9      | Found a sacrificial altar of Ru.
 10657 | D:9      | Found an iron altar of Okawaru.
 10657 | D:9      | Found a shimmering altar of Xom.
 10657 | D:9      | Found a broken altar of Ashenzari.
 10911 | D:10     | Entered Level 10 of the Dungeon
 11082 | D:10     | Reached skill level 1 in Dodging
 11088 | D:10     | Reached skill level 12 in Shields
 11677 | D:10     | Reached ****** piety under Zin
 11683 | D:10     | Noticed Fannar
 11699 | D:10     | Killed Fannar
 11703 | D:10     | Reached XP level 12. HP: 99/100 MP: 14/14
 12301 | D:11     | Noticed a hell knight
 12312 | D:11     | Demolished by a hell knight

Illustrated notes

Levels and vault maps discovered:
D:1:      minmay_arrival_hallway, layout_loops_corners, basic_ecumenical_altar,
          minmay_unequal
D:2:      layout_loops_ring, uniq_jessica
D:3:      layout_basic, serial_shops, nicolae_shop_advertising_works
          [nicolae_subvault_shop_adworks], minmay_shallow_snake_nest,
          uniq_natasha
D:4:      layout_rooms, grunt_dithmenos_smoke_and_mirrors,
          makhleb_blood_cavern_becter, slow_altar_1, serial_shops,
          nicolae_square_shop, nicolae_shop_temple_entry_statues_fountains,
          kennysheep_mini_moat, chequers_serial_rivers_large_a,
          minmay_fractal_squares_gapless_5
D:5:      layout_layer_cave, mainiacjoe_overflow_cross_hatched,
          lemuel_temple_firewalk_b, uniq_sigmund
D:6:      layout_basic
D:7:      layout_basic, nicolae_hepliaklqana_hazy_memory, serial_shops,
          nicolae_stop_n_shop_2
D:8:      layout_basic, nicolae_qazlal_style_of_elements,
          grunt_lair_entry_orc_guard_hut, uniq_amaemon, uniq_psyche,
          uniq_joseph, uniq_maurice
D:9:      layout_roguey, nicolae_overflow_crystal_walls,
          gammafunk_temple_overflow_claw
D:10:     layout_loops_ring, uniq_fannar
D:11:     layout_long_grid, grunt_livestock, kennysheep_island_fort
Temple:   nicolae_temple_bog_church

Skill      XL: |  1  2  3  4  5  6  7  8  9 10 11 |
---------------+----------------------------------+-----
Fighting       | 4 5 6 7 9 10 11 | 11.4
Polearms       | 1 2 4 5 7 8 9 |  9.8
Shields        | 5 7 9 10 12 | 12.3
Invocations    | 2 |  2.9
Evocations     | 1 4 6 |  6.9
Dodging        | 2 |  2.4
Axes           | |  2.7
Armour         | |  3.3

Action                   |  1- 3 |  4- 6 |  7- 9 | 10-12 || total
-------------------------+-------+-------+-------+-------++-------
Melee: War axe           |    45 |       |       |       ||    45
       Lajatang          |     6 |   101 |   215 |   313 ||   635
Invok: Recite            |       |       |       |     2 ||     2
       Vitalisation      |       |       |       |     1 ||     1
 Abil: Dig               |       |       |       |     2 ||     2
Evoke: Wand              |       |       |    10 |     3 ||    13
  Use: Scroll            |     3 |       |    10 |     5 ||    18
       Potion            |       |       |     1 |       ||     1
 Stab: Invisible         |       |       |       |     1 ||     1
Armor: Scale mail        |    16 |    14 |    41 |     3 ||    74
       Chain mail        |       |       |       |   116 ||   116
Dodge: Dodged            |    26 |    19 |    67 |    72 ||   184
Block: Buckler           |    13 |    39 |   124 |   125 ||   301
       Reflection        |       |     3 |     7 |    13 ||    23
       Kite shield       |       |       |       |   135 ||   135
